 Dungeon Crawl Stone Soup version 0.18.1-48-g4cf74bf (webtiles) character file.

318 Wander the Twirler (level 6, -1/44 HPs)
             Began as a Mummy Gladiator on Sept 9, 2016.
             Was a Follower of Ashenzari.
             Slain by a worker ant (3 damage)
             ... on level 3 of the Dungeon.
             The game lasted 00:09:22 (4162 turns).

Wander the Twirler (Mummy Gladiator)                Turns: 4162, Time: 00:09:23

Health: -1/44      AC:  7    Str: 20    XL:     6   Next: 21%
Magic:  6/6        EV: 12    Int:  7    God:    Ashenzari [*.....]
Gold:   129        SH:  0    Dex: 13    Spells: 0 memorised, 5 levels left

rFire  x . .     SeeInvis .     a - +0 quarterstaff (curse)
rCold  + + .     Gourm    .     l - +2 robe {rC+} (curse)
rNeg   + + +     Faith    .     (shield currently unavailable)
rPois  ∞         Spirit   .     n - +1 helmet (curse)
rElec  .         Dismiss  .     (no cloak)
rCorr  .         Reflect  .     (no gloves)
SustAt .         Harm     .     k - +0 pair of boots (curse)
MR     .....                    (no amulet)
Stlth  +.........               (no ring)
                                (no ring)

@: not resistant to hostile enchantments, very unstealthy
A: no food or potions, fire vulnerability, cold resistance 1, negative energy
resistance 3, torment resistance, unbreathing
a: Curse Item, Scrying, Renounce Religion


You were on level 3 of the Dungeon.
You worshipped Ashenzari.
Ashenzari was aware of your devotion.
You were not hungry.

You visited 1 branch of the dungeon, and saw 4 of its levels.

You collected 129 gold pieces.

Inventory:

Hand Weapons
 a - a cursed +0 quarterstaff (weapon)
Missiles
 d - 3 throwing nets (quivered)
 o - 5 javelins of penetration
Armour
 k - a cursed +0 pair of boots (worn)
 l - a cursed +2 robe of cold resistance (worn)
 n - a cursed +1 helmet (worn)
Jewellery
 b - an uncursed ring of protection from fire
Wands
 c - a wand of polymorph (13/24)
 m - a wand of random effects (13/48)
Scrolls
 e - a scroll of random uselessness {unknown}
 f - a scroll of fear {unknown}
 g - 6 scrolls of identify {unknown}
 h - 2 scrolls of magic mapping {unknown}
 i - a scroll of noise {unknown}
 j - a scroll of blinking {unknown}
 p - a scroll of recharging {unknown}


   Skills:
 - Level 2.0 Fighting
 + Level 5.8 Staves
 - Level 1.5 Throwing
 - Level 2.4 Dodging


You had 5 spell levels left.
You didn't know any spells.

Dungeon Overview and Level Annotations

Branches:
Dungeon (4/15)
 Temple: D:4-7

Altars:
Ashenzari
Gozag
Xom
Yredelemnul

Shops:
D:2 *

Annotations:
D:3 Wander's ghost, amateur HuWn
D:4 Edmund


Innate Abilities, Weirdness & Mutations

You do not eat or drink.
Your flesh is vulnerable to fire.
You are immune to poison.
Your flesh is cold resistant.
You are immune to negative energy.
You are immune to unholy pain and torment.
You can survive without breathing.


Message History

* * * LOW HITPOINT WARNING * * *
There is a stone staircase leading up here.
The worker ant barely misses you.
You climb upwards.
Level annotation: Wander's ghost, amateur HuWn
There is a stone staircase leading down here.
You sock the worker ant!
The worker ant is severely wounded.
The worker ant barely misses you. The worker ant barely misses you.
You barely miss the worker ant.
The worker ant is severely wounded.
The worker ant closely misses you.
You hit the worker ant.
The worker ant is severely wounded.
The worker ant bites you but does no damage. x2
You hit the worker ant.
The worker ant is almost dead.
The worker ant bites you.
You die...

#....#.# #.#.#
####.#.#########.#.##
#.................
#.............#.##
#.###.#########.#
#.....### #.#
#.###...# #.# #.#
#...# #.#
#@###...#######.##
#>a.'.............
#####...#######.##
#...# ###'## #...#
#....# ####...##
#....# #.......#
#....#
#.......######†..
#.......##.......


You could see a worker ant.

Vanquished Creatures
  A howler monkey (D:4)
  2 orc wizards
  Jessica (D:3)
  A worker ant (D:4)
  Natasha (D:3)
  Robin (D:3)
  2 adders (D:3)
  3 gnolls (D:2)
  2 worms
  4 dart slugs
  A giant gecko (D:3)
  7 orcs
  5 bats (D:1)
  5 giant cockroaches
  13 goblins
  9 hobgoblins
  A giant newt (D:2)
  7 kobolds
  6 rats
72 creatures vanquished.

Notes
Turn   | Place    | Note
--------------------------------------------------------------
     0 | D:1      | Wander the Mummy Gladiator began the quest for the Orb.
     0 | D:1      | Reached XP level 1. HP: 16/16 MP: 1/1
   112 | D:1      | Found a shattered altar of Ashenzari.
   321 | D:1      | Reached XP level 2. HP: 20/22 MP: 2/2
   344 | D:1      | Reached skill level 3 in Staves
   683 | D:1      | Became a worshipper of Ashenzari the Shackled
  1042 | D:2      | Reached XP level 3. HP: 25/27 MP: 3/3
  1340 | D:2      | Reached skill level 4 in Staves
  1483 | D:2      | Reached XP level 4. HP: 24/33 MP: 4/4
  1584 | D:2      | Found an opulent altar of Gozag.
  1586 | D:2      | Found Gozag's Platinum Reserve.
  1953 | D:3      | Noticed Natasha
  1954 | D:3      | Noticed Jessica
  1956 | D:3      | Found a shimmering altar of Xom.
  1963 | D:3      | Killed Natasha
  1969 | D:3      | Killed Jessica
  2131 | D:3      | Noticed Wander's ghost (amateur HuWn)
  2147 | D:3      | HP: 1/33 [Wander's ghost (17)]
  2801 | D:3      | Noticed Robin
  2865 | D:2      | Reached XP level 5. HP: 19/38 MP: 5/5
  3204 | D:3      | Killed Robin
  3204 | D:3      | Reached skill level 5 in Staves
  3930 | D:4      | Reached XP level 6. HP: 34/44 MP: 6/6
  3971 | D:4      | Found a basalt altar of Yredelemnul.
  4011 | D:4      | Reached * piety under Ashenzari
  4045 | D:4      | Noticed Edmund
  4155 | D:4      | HP: 1/44 [worker ant (3)]
  4162 | D:3      | Slain by a worker ant

Skill      XL: |  1  2  3  4  5 |
---------------+----------------+-----
Staves         | 3 4 5 |  5.8
Fighting       | |  2.0
Throwing       | |  1.5
Dodging        | |  2.4

Action                   |  1- 3 |  4- 6 || total
-------------------------+-------+-------++-------
Melee: Quarterstaff      |   105 |   164 ||   269
Invok: Curse Item        |     3 |     2 ||     5
  Use: Scroll            |       |     1 ||     1
 Stab: Distracted        |       |     1 ||     1
Armor: Leather armour    |    39 |    38 ||    77
       Robe              |       |    26 ||    26
Dodge: Dodged            |    70 |   115 ||   185
